 Dungeon Crawl Stone Soup version 0.30-a0-395-gfe72c296f8 (webtiles) character file.

Game seed: 4411111438345309225

53 Depression the Trooper (level 3, 0/20 HPs)
             Began as a Vine Stalker Fighter on Dec 7, 2022.
             Succumbed to an adder's poison
             ... on level 4 of the Dungeon.
             The game lasted 00:11:54 (2084 turns).

Depression the Trooper (Vine Stalker Fighter)       Turns: 2084, Time: 00:11:54

Health: 0/20       AC:  6    Str: 18    XL:     3   Next: 87%
Magic:  4/4        EV:  9    Int: 10    God:
Gold:   122        SH:  0    Dex: 13    Spells: 2/2 levels left

rFire   + . .      SeeInvis .    a - +0 long sword
rCold   . . .      Faith    .    c - +0 buckler
rNeg    . . .      Spirit   +    b - +0 scale mail
rPois   +          Reflect  .    (no helmet)
rElec   .          Harm     .    (no cloak)
rCorr   .          Rampage  .    (no gloves)
Will    .....                    (no boots)
Stlth   ..........               (no amulet)
HPRegen 0.23/turn                q - ring of poison resistance {rP+}
MPRegen 0.09/turn                s - ring of protection from fire {rF+}

@: confused, lethally poisoned (0 -> 0), ambrosia-drunk
A: fangs 2, magic shield, antimagic bite, no potion heal 2
a: no special abilities


You were on level 4 of the Dungeon.
You visited 1 branch of the dungeon, and saw 4 of its levels.

You collected 122 gold pieces.

Inventory:

Hand Weapons
 a - a +0 long sword (weapon)
 w - a +1 hand axe of freezing
Missiles
 j - 4 javelins (quivered)
 m - 2 poisoned darts
 u - 4 atropa-tipped darts
Armour
 b - a +0 scale mail (worn)
 c - a +0 buckler (worn)
Jewellery
 q - a ring of poison resistance (left hand) {rP+}
 s - a ring of protection from fire (right hand) {rF+}
Wands
 t - a wand of quicksilver (9)
Scrolls
 e - 6 scrolls of identify {unknown}
 f - a scroll of silence {unknown}
 k - a scroll of blinking {unknown}
 l - a scroll of amnesia {unknown}
 n - a scroll of teleportation {unknown}
 p - a scroll of vulnerability {unknown}
 v - a scroll of noise {unknown}
Potions
 d - a potion of might
 h - a potion of heal wounds {unknown}
 i - 2 potions of degeneration {unknown}
 o - a potion of magic {unknown}
 r - a potion of haste {unknown}


   Skills:
 * Level 3.4 Fighting
 - Level 2.0 Long Blades
 - Level 3.0 Armour
 - Level 3.0 Shields
 + Level 0.0 Spellcasting


You had 2 spell levels left.
You didn't know any spells.
Your spell library contained the following spells:

 Spells                   Type           Power      Damage    Failure   Level
 Slow                     Hex            0%         N/A       83%         1
 Cigotuvi's Dreadful Rot  Necr/Pois/Air  0%         N/A       93%         2
 Confusing Touch          Hex            0%         N/A       99%         3
 Vampiric Draining        Necr           0%         2d6       99%         3
 Dispel Undead            Necr           0%         3d6       100%        4
 Petrify                  Tmut/Erth      0%         N/A       100%        4
 Metabolic Englaciation   Hex/Ice        0%         N/A       100%        5
 Death Channel            Necr           0%         N/A       100%        6
 Statue Form              Tmut/Erth      0%         N/A       100%        6


Dungeon Overview and Level Annotations

Branches:
Dungeon (4/15) Zot: 21876
 Temple: D:4-7

Altars:


Innate Abilities, Weirdness & Mutations

You have extremely sharp teeth.
When hurt, damage is shared between your health and your magic reserves.
Your bite disrupts and absorbs the magic of your enemies.
Potions cannot restore your health.


Message History

* * * LOW HITPOINT WARNING * * *
You closely miss the adder. Your bite misses the adder.
The adder is lightly wounded.
You block the adder's attack. The hobgoblin hits you.
* * * LOW HITPOINT WARNING * * *
The adder barely misses you.
You closely miss the adder. Your bite misses the adder.
The adder is lightly wounded.
The hobgoblin barely misses you. The adder bites you but does no damage.
The hobgoblin hits you but does no damage.
You closely miss the adder.
The adder is lightly wounded.
The adder bites you.
* * * LOW HITPOINT WARNING * * *
You are lethally poisoned!
The adder poisons you! The hobgoblin closely misses you.
The adder barely misses you.
It was a potion of ambrosia.
You are confused.
Your system rejects the healing.
You feel invigorated.
* * * LOW HITPOINT WARNING * * *
You feel sick. The adder closely misses you.
The hobgoblin hits you but does no damage.
An orc comes into view. It is wielding a +0 club.
You bump into the rock wall.
* * * LOW HITPOINT WARNING * * *
You feel sick. The adder misses you.
The hobgoblin hits you but does no damage.
The adder barely misses you.
You bump into the rock wall.
* * * LOW HITPOINT WARNING * * *
You feel sick.
The hobgoblin hits you but does no damage.
The adder bites you but does no damage.
You bump into the rock wall.
* * * LOW HITPOINT WARNING * * *
You feel sick. The adder closely misses you.
The hobgoblin completely misses you.
You miss the adder.
You die...

# .# .. .#
..
#####.#.#.#
#@g..o....<
#.S..$#.#.#
#.........
#.....#.#.#
#.........
....###.#.#
#....# ## .
#....#


You could see an adder, an orc and a hobgoblin.

Vanquished Creatures
  A worm (D:2)
  5 endoplasms
  3 giant cockroaches
  6 goblins
  5 hobgoblins
  5 kobolds
  A quokka (D:1)
  8 ball pythons
  4 bats
  2 frilled lizards
  3 rats
43 creatures vanquished.

Vanquished Creatures (others)
  A kraken (D:1)
  A minotaur (D:1)
  A merfolk (D:1)
  A naga (D:1)
  A mummy (D:1)
  2 gnolls (D:1)
  A kobold (D:1)
  2 plants (D:2)
  7 tentacles (D:1)
17 creatures vanquished.

Grand Total: 60 creatures vanquished

Notes
Turn   | Place    | Note
-------+----------+-------------------------------------------
     0 | D:1      | Depression the Vine Stalker Fighter began the quest for the
                  | Orb.
     0 | D:1      | Reached XP level 1. HP: 11/11 MP: 2/2
     2 | D:1      | Noticed a merfolk
     2 | D:1      | Noticed a dwarf
     2 | D:1      | Noticed a dwarf
     2 | D:1      | Noticed a vine stalker
     2 | D:1      | Noticed a kraken
     2 | D:1      | Noticed a minotaur
     2 | D:1      | Noticed a dwarf
     2 | D:1      | Noticed a naga
     2 | D:1      | Noticed a minotaur
     2 | D:1      | Noticed a demonspawn
     4 | D:1      | Killed a naga
     5 | D:1      | Killed a minotaur
     9 | D:1      | Killed a merfolk
    10 | D:1      | Killed a kraken
   368 | D:1      | Reached XP level 2. HP: 16/16 MP: 3/3
   369 | D:1      | Reached skill level 2 in Long Blades
   698 | D:1      | Reached skill level 3 in Shields
   813 | D:1      | Reached skill level 3 in Fighting
   864 | D:2      | Reached XP level 3. HP: 12/20 MP: 2/4
   948 | D:2      | Reached skill level 3 in Armour
  2079 | D:4      | HP: 5/20 [adder (1)]
  2082 | D:4      | HP: 2/20 [poisoned by an adder]
  2084 | D:4      | Succumbed to an adder's poison

Illustrated notes

Levels and vault maps discovered:
D:1:      nicolae_arrival_kraken_aquarium_b, layout_basic, minmay_door_square
D:2:      layout_rooms, serial_forest, infiniplex_forest_3_way,
          infiniplex_forest_corner_1, infiniplex_forest_lined_room_2,
          infiniplex_forest_straight_1, infiniplex_forest_clump_double,
          infiniplex_forest_lined_3_way, infiniplex_forest_lined_room_3,
          infiniplex_forest_straight_1
D:3:      layout_basic
D:4:      nicolae_cairo_tiling, layout_gridville, mainiacjoe_overflow_24_doors,
          st_stairs_9, grunt_decor_cap

Skill      XL: |  1  2  3 |
---------------+----------+-----
Long Blades    | 2 |  2.0
Shields        | 3 |  3.0
Fighting       | 3 |  3.4
Armour         | 3 |  3.0

Action                   || total
-------------------------++-------
Melee: Long sword        ||   122
       Bite              ||    31
  Use: Potion            ||     1
Armor: Scale mail        ||    52
Dodge: Dodged            ||    62
Block: Buckler           ||    20

Table legend: (Time is in decaauts)
 A = Elapsed time spent in this place.
 B = Non-inter-level travel time spent in this place.
 C = Inter-level travel time spent in this place.
 D = Time resting spent in this place.
 E = Time spent auto-exploring this place.
 F = Levels seen in this place.
 G = Mean time per level.
                   A        B        C        D        E       F      G
               +--------+--------+--------+--------+--------+-----+--------+
         Total |   2123 |   2063 |     60 |     88 |    885 |   4 |  530.8 |
       Dungeon |   2123 |   2063 |     60 |     88 |    885 |   4 |  530.8 |
               +--------+--------+--------+--------+--------+-----+--------+

Top non-repeatable levels by time:
     D:1: 842 daAuts
     D:3: 638 daAuts
     D:2: 614 daAuts
     D:4: 28 daAuts
